 Dungeon Crawl Stone Soup version 0.20.1-1-g8b1a95d (console) character file.

128 hilaritas the Covert (level 4, -2/33 HPs)
             Began as a Vampire Assassin on Feb 16, 2018.
             Slain by hilaritas's ghost (8 damage)
             ... on level 3 of the Dungeon.
             The game lasted 00:05:51 (1820 turns).

hilaritas the Covert (Vampire Assassin)             Turns: 1820, Time: 00:05:51

Health: -2/33      AC:  6    Str: 10    XL:     4   Next: 86%
Magic:  4/4        EV: 12    Int: 13    God:
Gold:   125        SH:  0    Dex: 19    Spells: 3/3 levels left

rFire    . . .     SeeInvis +   a - +2 dagger
rCold    . . .     Gourm    .   (no shield)
rNeg     . . .     Faith    .   c - +0 robe
rPois    .         Spirit   .   (no helmet)
rElec    .         Reflect  .   d - +0 cloak
rCorr    .         Harm     .   (no gloves)
MR       .....                  n - +0 pair of boots
Stlth    ++++......             (no amulet)
Regen    0.4/turn               h - +3 ring of dexterity
MPRegen  0.1/turn               o - +2 ring of protection

@: regenerating quickly
A: fangs 3, see invisible, unbreathing
a: no special abilities


You were on level 3 of the Dungeon.
You were full.

You visited 1 branch of the dungeon, and saw 3 of its levels.

You collected 125 gold pieces.

Inventory:

Hand Weapons
 a - a +2 dagger (weapon)
 b - a +0 blowgun
 k - a +0 dagger
Missiles
 e - 8 poisoned needles
 f - 2 curare-tipped needles
Armour
 c - a +0 robe (worn)
 d - a +0 cloak (worn)
 n - a +0 pair of boots (worn)
Jewellery
 h - a +3 ring of dexterity (left hand)
 o - a +2 ring of protection (right hand)
Scrolls
 m - 2 scrolls of remove curse
 p - 2 scrolls of blinking
Potions
 g - 10 potions of blood
 i - 2 potions of magic
 j - a potion of flight
 l - a potion of curing {unknown}
 q - a potion of heal wounds {unknown}


   Skills:
 - Level 1.7 Fighting
 * Level 4.1 Short Blades
 - Level 1.5 Throwing
 - Level 1.1 Dodging
 - Level 8.0 Stealth


You had 3 spell levels left.
You didn't know any spells.

Dungeon Overview and Level Annotations

Branches:
Dungeon (3/15)

Altars:
Makhleb

Annotations:
D:3 hilaritas's ghost, amateur DsAK


Innate Abilities, Weirdness & Mutations

Your natural rate of healing is unusually fast.
You have razor-sharp teeth.
You have supernaturally acute eyesight. (SInv)
You can survive without breathing.


Message History

You hit hilaritas's ghost but do no damage.
Your bite misses hilaritas's ghost.
Hilaritas's ghost is almost destroyed.
Hilaritas's ghost misses you.
You hit hilaritas's ghost but do no damage.
Hilaritas's ghost is almost destroyed.
Hilaritas's ghost hits you.
* * * LOW HITPOINT WARNING * * *
You hit hilaritas's ghost but do no damage.
Hilaritas's ghost is almost destroyed.
You hit hilaritas's ghost.
Hilaritas's ghost is almost destroyed.
Hilaritas's ghost completely misses you.
You hit hilaritas's ghost but do no damage.
Hilaritas's ghost is almost destroyed.
Hilaritas's ghost closely misses you.
You hit hilaritas's ghost but do no damage.
Hilaritas's ghost is almost destroyed.
Hilaritas's ghost hits you!
You die...

#....#..###.#.####.#
#...........#.#
#.##.#..##..#.#
#.##.#...#..#.#
#.##.#...#..#.#
#.##.#.#..).#.#
#.##.#.#...##.#
#.##.#.#.))...#
#.##.#.#......# #
#.##.#)#......#.##..#
#.##.#.###...@......#
#.##.#......#W...>...
#.##.#........#.###.#
#.##.#.######.#.#
#.##.#.### ....#
#.##.....+ .....
#.#..#.### ...###
###.###....# ....#
#..........#
######..<..# #[....#


You could see hilaritas's ghost.

Vanquished Creatures
  A hound (D:2)
  An orc wizard (D:3)
  An adder (D:2)
  2 dart slugs (D:2)
  2 leopard geckos
  3 orcs (D:3)
  2 ball pythons
  5 bats
  4 giant cockroaches (D:1)
  2 goblins (D:1)
  7 hobgoblins
  7 jackals
  5 frilled lizards
  4 kobolds
  4 rats
50 creatures vanquished.

Notes
Turn   | Place    | Note
-------+----------+-------------------------------------------
     0 | D:1      | hilaritas the Vampire Assassin began the quest for the Orb.
     0 | D:1      | Reached XP level 1. HP: 16/16 MP: 1/1
    20 | D:1      | Reached skill level 6 in Stealth
   204 | D:1      | Reached XP level 2. HP: 22/22 MP: 2/2
   851 | D:2      | Reached skill level 7 in Stealth
   947 | D:2      | Reached XP level 3. HP: 27/27 MP: 3/3
   974 | D:2      | Found a burning altar of Makhleb.
  1115 | D:2      | Reached XP level 4. HP: 25/33 MP: 4/4
  1438 | D:2      | Reached skill level 8 in Stealth
  1756 | D:3      | Noticed hilaritas's ghost (amateur DsAK)
  1820 | D:3      | Slain by hilaritas's ghost

Skill      XL: |  1  2  3  4 |
---------------+-------------+-----
Stealth        | 6 7 8 |  8.0
Short Blades   | 3 4 |  4.1
Fighting       | |  1.7
Throwing       | |  1.5
Dodging        | |  1.1

Action                   |  1- 3 |  4- 6 || total
-------------------------+-------+-------++-------
Melee: Dagger            |    74 |   123 ||   197
       Bite              |     6 |    21 ||    27
  Use: Scroll            |     4 |     1 ||     5
 Stab: Sleeping          |    14 |     3 ||    17
  Eat: Corpse            |     5 |     3 ||     8
Armor: Robe              |    15 |    27 ||    42
Dodge: Dodged            |    41 |    61 ||   102
